 Dungeon Crawl Stone Soup version 0.29-a0-284-gf9362112df (webtiles) character file.

Game seed: 17381759944130430464

2655 rabbitsville the Cleaver (level 9, -2/84 HPs)
             Began as a Hill Orc Monk on Mar 25, 2022.
             Was a Priest of Beogh.
             Slain by an orc warlord
             ... wielding a +1 battleaxe
              (15 damage)
             ... in a bailey.
             The game lasted 00:25:39 (7103 turns).

rabbitsville the Cleaver (Hill Orc Monk)            Turns: 7103, Time: 00:25:40

Health: -2/84      AC: 11    Str: 24    XL:     9   Next: 62%
Magic:  9/9        EV: 12    Int: 10    God:    Beogh [***...]
Gold:   290        SH:  0    Dex: 13    Spells: 8/8 levels left

rFire   . . .      SeeInvis .   J - +4 hand axe "Bapos" {elec, rCorr Dex+4}
rCold   + . .      Faith    .   (no shield)
rNeg    . . .      Spirit   .   z - +4 robe of Cudiseh {Contam rElec Will++ Dex-4}
rPois   .          Reflect  +   r - +0 helmet
rElec   +          Harm     .   x - +0 cloak
rCorr   +          Rampage  .   i - +0 pair of gloves
Will    ++...                   B - +1 pair of boots {Fly}
Stlth   +.........              p - amulet of reflection
HPRegen 0.24/turn               w - +6 ring of strength
MPRegen 0.11/turn               E - ring of protection from cold

@: confused, ambrosia-drunk, flying
A: no striking features
a: Renounce Religion, Smiting


You were in a bailey.
You worshipped Beogh.
Beogh was most pleased with you.
You visited 1 branch of the dungeon, and saw 8 of its levels.
You also visited: Bailey.

You collected 290 gold pieces.

Inventory:

Hand Weapons
 a - a +0 hand axe
 J - the +4 hand axe "Bapos" (weapon) {elec, rCorr Dex+4}
   (You found it on level 8 of the Dungeon)

   It occasionally discharges a powerful burst of electricity upon striking a
   foe.
   Dex:       It affects your dexterity (+4).
   rCorr:     It protects you from acid and corrosion.
Armour
 b - a +0 robe
 i - a +0 pair of gloves (worn)
 k - a +0 leather armour
 l - a +0 pair of boots
 m - a +0 plate armour
 r - a +0 helmet (worn)
 x - a +0 cloak (worn)
 z - the +4 robe of Cudiseh (worn) {Contam rElec Will++ Dex-4}
   (You found it on level 5 of the Dungeon)

   Dex:       It affects your dexterity (-4).
   rElec:     It insulates you from electricity.
   Contam:    It causes magical contamination when unequipped.
   Will:      It greatly increases your willpower.
 B - a +1 pair of boots of flying (worn)
Jewellery
 p - an amulet of reflection (around neck)
 w - a +6 ring of strength (left hand)
 E - a ring of protection from cold (right hand)
 H - a ring of wizardry
 I - a +6 ring of dexterity
Wands
 t - a wand of acid (8)
 D - a wand of digging (6)
Scrolls
 d - a scroll of identify
 f - 2 scrolls of amnesia
 g - 3 scrolls of enchant armour
 n - 4 scrolls of teleportation
 o - a scroll of holy word {unknown}
 s - 3 scrolls of immolation
 v - 2 scrolls of blinking {unknown}
 y - a scroll of torment {unknown}
 A - 2 scrolls of fog {unknown}
 G - a scroll of noise {unknown}
 L - a scroll of enchant weapon {unknown}
Potions
 e - 2 potions of curing
 h - a potion of mutation
 j - 3 potions of resistance
 q - a potion of degeneration {unknown}
 u - a potion of lignification {unknown}
 C - a potion of flight {unknown}
 F - a potion of invisibility {unknown}
 K - a potion of heal wounds {unknown}
 M - a potion of haste {unknown}


   Skills:
 + Level 9.6 Fighting
 - Level 14.0 Axes
 - Level 2.4 Dodging
 - Level 1.5 Stealth
 + Level 0.0 Invocations


You had 8 spell levels left.
You didn't know any spells.
Your spell library contained the following spells:

 Spells                   Type           Power      Damage    Failure   Level
 Freeze                   Ice            0%         1d3       36%         1
 Ensorcelled Hibernation  Hex/Ice        0%         N/A       50%         2
 Static Discharge         Conj/Air       0%         N/A       50%         2
 Frozen Ramparts          Ice            0%         1d2       75%         3
 Spider Form              Tmut/Pois      0%         N/A       75%         3
 Anguish                  Hex/Necr       0%         N/A       98%         4
 Dispel Undead            Necr           0%         3d6       98%         4
 Hailstorm                Conj/Ice       0%         3d3       98%         4
 Sticky Flame             Conj/Fire      0%         2d3       98%         4


Dungeon Overview and Level Annotations

Branches:
Dungeon (8/15)             Bailey (1/1)
 Temple: D:4-7         Lair: D:8-11

Altars:
Fedhas
Hepliaklqana
Kikubaaqudgha
Qazlal
Ru
Trog
Uskayaw
Wu Jian
Zin
The Shining One

Shops:
D:3 *

Annotations:
D:5 Pikel


Message History

Your orc hits the orc warrior but does no damage.
The orc warrior hits your orc with a +0 broad axe!!
Your orc dies!
The hobgoblin barely misses your orc.
The orc warlord roars a battlecry!
The orc warrior goes into a battle-frenzy!
The orc warrior shouts!
You hit the orc warlord.
The orc warlord is lightly wounded.
You hit the orc warrior but do no damage.
You slash the orc warlord!
Lightning courses through the orc warlord!
The orc warlord is moderately wounded.
You hit the orc warrior but do no damage.
Your orc barely misses the orc warrior.
Your orc hits the orc warrior but does no damage.
Your orc hits the orc warlord but does no damage.
Your orc hits the hobgoblin but does no damage.
The orc warlord hits you with a +1 battleaxe!
* * * LOW HITPOINT WARNING * * *
The orc warlord closely misses your orc.
The orc warrior hits you with a +0 war axe!
* * * LOW HITPOINT WARNING * * *
The orc warrior hits your orc with a +0 war axe!
Your orc dies!
You are confused.
You feel invigorated.
The hobgoblin hits you with a +0 hand axe.
* * * LOW HITPOINT WARNING * * *
The orc warlord closely misses you.
The orc warrior says, "The messiah will not be a Hill Orc!"
You hit the orc warlord.
The orc warlord is moderately wounded.
You hit the orc warrior. You hit the hobgoblin but do no damage.
Lightning courses through the hobgoblin!
You kill the hobgoblin!
Beogh accepts your kill.
The orc warlord hits you with a +1 battleaxe!
You die...
Beogh appreciates the orc warlord's killing of a heretic priest.

....###.......).###
..###.###.....#'#.###
###
...###.###.....### #
.... ###.........##
..... #8..........#
......#8..........#
......'.....⌠....∩#
g.....#8..)o......#
..... #8.)o@......# #
...o ###..o......##
###
...###.###.....###
..###.###.....#'#.###
....###.........###
.....#.......)...#
.....#...........#
.....#...)))))...#
.....'.......)...#


You could see an orc warlord and 2 orc warriors.

Vanquished Creatures
  A gargoyle (D:7)
  A wyvern (D:7)
  A water moccasin (D:7)
  8 orc warriors (Bailey)
  An ice beast (D:6)
  A sky beast (D:6)
  A phantom (D:6)
  A bullfrog (D:7)
  A kobold brigand (D:7)
  2 scorpions (D:4)
  A necrophage (D:6)
  3 killer bees (D:7)
  2 howler monkeys (D:7)
  A gnoll shaman (D:5)
  An orc priest (D:6)
  2 hounds (D:4)
  Jessica (D:2)
  6 orc wizards
  3 iguanas
  9 gnolls
  4 adders
  A white imp (D:5)
  3 dart slugs (D:1)
  26 orcs
  5 bats
  8 endoplasms
  5 giant cockroaches
  13 goblins
  17 hobgoblins
  15 kobolds
  4 quokkas
  2 ball pythons
  4 frilled lizards
  20 rats
174 creatures vanquished.

Vanquished Creatures (collateral kills)
  2 goblins (Bailey)
  2 hobgoblins (Bailey)
4 creatures vanquished.

Vanquished Creatures (others)
  An orc warrior (Bailey)
  An orc priest (D:4)
  An orc wizard (D:4)
  4 orcs
7 creatures vanquished.

Grand Total: 185 creatures vanquished

Notes
Turn   | Place    | Note
-------+----------+-------------------------------------------
     0 | D:1      | rabbitsville the Hill Orc Monk began the quest for the Orb.
     0 | D:1      | Reached XP level 1. HP: 19/19 MP: 1/1
   288 | D:1      | Reached XP level 2. HP: 26/27 MP: 2/2
   421 | D:1      | Found a faded altar of an unknown god.
   682 | D:1      | Reached skill level 5 in Axes
   948 | D:1      | Reached XP level 3. HP: 31/33 MP: 3/3
  1922 | D:2      | Reached XP level 4. HP: 38/41 MP: 4/4
  1970 | D:2      | Noticed Jessica
  1984 | D:2      | Killed Jessica
  1985 | D:2      | Reached skill level 6 in Axes
  2499 | D:3      | Reached XP level 5. HP: 47/47 MP: 5/5
  2693 | D:3      | Found Podefex's Assorted Antiques.
  2765 | D:3      | Found a faded altar of an unknown god.
  2773 | D:3      | Reached skill level 5 in Fighting
  2787 | D:3      | Reached skill level 7 in Axes
  2790 | D:3      | Found an ornate altar of the Wu Jian Council.
  3260 | D:4      | Found a bloodstained altar of Trog.
  3334 | D:4      | Reached XP level 6. HP: 16/56 MP: 6/6
  3629 | D:4      | Became a worshipper of Beogh the Brigand
  3629 | D:4      | Reached * piety under Beogh
  3629 | D:4      | Reached ** piety under Beogh
  3687 | D:4      | Reached skill level 8 in Axes
  3993 | D:5      | Entered Level 5 of the Dungeon
  4036 | D:5      | Reached XP level 7. HP: 49/63 MP: 7/7
  4114 | D:5      | Identified the +4 robe of Cudiseh {Contam rElec Will++
                  | Dex-4}
  4140 | D:5      | Found a stormy altar of Qazlal.
  4141 | D:5      | Found an ancient bone altar of Kikubaaqudgha.
  4549 | D:5      | Reached skill level 9 in Axes
  4559 | D:5      | Noticed Pikel
  4621 | D:6      | Noticed a vampire mosquito
  4622 | D:6      | Noticed a vampire mosquito
  4623 | D:6      | Noticed a vampire mosquito
  5128 | D:6      | Reached skill level 10 in Axes
  5156 | D:6      | Reached XP level 8. HP: 33/73 MP: 8/8
  5514 | D:7      | Noticed a wyvern
  5555 | D:7      | Found a sacrificial altar of Ru.
  5591 | D:7      | Killed a wyvern
  5592 | D:7      | Reached skill level 11 in Axes
  6038 | D:7      | Reached skill level 12 in Axes
  6138 | D:7      | Noticed a gargoyle
  6152 | D:7      | Killed a gargoyle
  6153 | D:7      | Reached XP level 9. HP: 65/82 MP: 9/9
  6316 | D:7      | Found a glowing silver altar of Zin.
  6316 | D:7      | Found a blossoming altar of Fedhas.
  6317 | D:7      | Found a hazy altar of Hepliaklqana.
  6318 | D:7      | Found a hide-covered altar of Uskayaw.
  6319 | D:7      | Found a glowing golden altar of the Shining One.
  6484 | D:8      | Found a flagged portal.
  6490 | D:8      | Identified the +4 hand axe "Bapos" {elec, rCorr Dex+4}
  6494 | Bailey   | Entered a bailey
  6559 | Bailey   | Reached skill level 13 in Axes
  6708 | Bailey   | Reached *** piety under Beogh
  7019 | Bailey   | Reached skill level 14 in Axes
  7080 | Bailey   | Noticed an orc warlord
  7103 | Bailey   | Slain by an orc warlord

Illustrated notes

Levels and vault maps discovered:
D:1:      lemuel_arrival_behind_the_door_large, layout_loops_cross,
          basic_ecumenical_altar
D:2:      layout_basic, uniq_jessica
D:3:      layout_rooms, nicolae_overflow_ecumenical_swirl, serial_shops, shop,
          minivault_25, minmay_rat_hole
D:4:      layout_cave_pools, mainiacjoe_overflow_cross_hatched,
          kennysheep_generic_room_4
D:5:      layout_rooms, chequers_temple_overflow_statue_of_worship,
          hangedman_decor_lopped, due_unseen_surprise, uniq_pikel
D:6:      layout_loops_ring, nicolae_gozag_cash_rules_everything_around_me,
          minmay_temple_entry_antechambers, chequers_serial_rivers_small_b,
          minmay_statues_item, minivault_5, grunt_decor_clamped
D:7:      layout_basic, nicolae_ru_awakened_eye, grunt_temple_overflow_open,
          minmay_hedge_maze
D:8:      layout_basic, enter_bailey_2, hangedman_decor_diamond_cutter,
          chequers_serial_rivers_micro_a
Bailey:   bailey_axe_minmay_hex_keep, bailey

Skill      XL: |  1  2  3  4  5  6  7  8  9 |
---------------+----------------------------+-----
Fighting       | 4 5 6 7 8 9 |  9.6
Axes           | 5 6 7 8 10 12 14 | 14.0
Dodging        | |  2.4
Stealth        | |  1.5

Action                   |  1- 3 |  4- 6 |  7- 9 || total
-------------------------+-------+-------+-------++-------
Melee: Hand axe          |   145 |   242 |   324 ||   711
       Punch             |     2 |     2 |     5 ||     9
Invok: Convert to Beogh  |       |     1 |       ||     1
  Use: Scroll            |       |       |     8 ||     8
       Potion            |       |       |     4 ||     4
 Stab: Sleeping          |     1 |       |     1 ||     2
Armor: Robe              |    15 |       |    64 ||    79
       Plate armour      |    43 |   120 |       ||   163
       Leather armour    |     7 |       |       ||     7
Dodge: Dodged            |    69 |    33 |   141 ||   243
Block: Other             |       |    26 |    50 ||    76

Table legend: (Time is in decaauts)
 A = Elapsed time spent in this place.
 B = Non-inter-level travel time spent in this place.
 C = Inter-level travel time spent in this place.
 D = Time resting spent in this place.
 E = Time spent auto-exploring this place.
 F = Levels seen in this place.
 G = Mean time per level.
                   A        B        C        D        E       F      G
               +--------+--------+--------+--------+--------+-----+--------+
         Total |   7047 |   6941 |    106 |    943 |   3205 |   9 |  783.0 |
       Dungeon |   6466 |   6360 |    106 |    798 |   3122 |   8 |  808.2 |
        Bailey |    581 |    581 |      0 |    145 |     83 |   1 |  581.0 |
               +--------+--------+--------+--------+--------+-----+--------+

Top non-repeatable levels by time:
     D:1: 1277 daAuts
     D:2: 947 daAuts
     D:7: 919 daAuts
     D:4: 887 daAuts
     D:3: 880 daAuts
     D:5: 822 daAuts
     D:6: 685 daAuts
  Bailey: 581 daAuts
     D:8: 46 daAuts
